 Dungeon Sprint DCSS version 0.20-a0-820-g557356e (webtiles) character file.

36600000 esc the Axe Maniac (level 27, 169/298 HPs)
             Began as a Deep Dwarf Warper on Mar 4, 2017.
             Was the Champion of Makhleb.
             Escaped with the Orb!
             The game lasted 00:08:03 (183 turns).

esc the Axe Maniac (Deep Dwarf Warper)               Turns: 183, Time: 00:08:04

Health: 169/298    AC:  6    Str: 18    XL:     27
Magic:  54/54      EV: 35    Int: 15    God:    Makhleb [******]
Gold:   0          SH:  0    Dex: 21    Spells: 80/80 levels left

rFire    + . .     SeeInvis +   l - +∞ Axe of Woe
rCold    . . .     Gourm    .   b - +0 leather armour
rNeg     + . .     Faith    .   (shield currently unavailable)
rPois    .         Spirit   .   (no helmet)
rElec    .         Reflect  .   (no cloak)
rCorr    .         Harm     .   (no gloves)
MR       ++++.     NoTele   +   (no boots)
Stlth    ++++......             (no amulet)
Regen    0.0/turn               h - ring of protection from fire {rF+, !d}
MPRegen  0.4/turn               m - ring of see invisible {sInv, !d}

@: quite poisoned (169 -> 71), very slightly contaminated, non-regenerating,
hasted, very quick
A: damage resistance, heal wounds, negative energy resistance 1, sense
surroundings 3, no regeneration
0: Orb of Zot
a: Heal Wounds, Minor Destruction, Lesser Servant of Makhleb, Major Destruction,
Greater Servant of Makhleb, Renounce Religion


You escaped.
You worshipped Makhleb.
Makhleb was exalted by your worship.
You were not hungry.

You visited 1 branch

Inventory:

Hand Weapons
 a - a +0 hand axe
 l - the +∞ Axe of Woe (weapon)
   (You found it in the Dungeon)
Missiles
 e - 5 tomahawks of dispersal {=f}
Armour
 b - a +0 leather armour (worn)
Jewellery
 h - a ring of protection from fire (right hand) {rF+, !d}
   (You found it in the Dungeon)
 m - a ring of see invisible (left hand) {sInv, !d}
   (You found it in the Dungeon)
Scrolls
 d - a scroll of blinking {!r}
Potions
 j - 2 potions of magic
 k - a potion of berserk rage {!q}
Books
 c - a book of Spatial Translocations
Comestibles
 f - a bread ration {@e1}


   Skills:
 O Level 27 Fighting
 O Level 27 Axes
 O Level 27 Throwing
 O Level 27 Armour
 O Level 27 Dodging
 O Level 27 Stealth
 O Level 27 Unarmed Combat
 O Level 27 Spellcasting
   Level 3.2 Translocations
 O Level 27 Invocations


You had 80 spell levels left.
You didn't know any spells.

Dungeon Overview and Level Annotations

Branches:
Dungeon (1/1)

Altars:
Makhleb


Innate Abilities, Weirdness & Mutations

You are resistant to damage.
You can heal yourself by infusing magical energy.
You resist negative energy. (rN+)
You passively map a large area around you.
You do not regenerate.


Message History

You hear a shout! x2
The observer is engulfed in blazing flames.
You hear a shout!
The dread throws damnation at you.
The sphere of damnation explodes!
The damnation engulfs you!
Unknown command.
You regained 43 hp, and now have 272/298 hp.
Unknown command.
Unknown command.
An accursed comes into view.
You hear a shout! x2
The observer is engulfed in blazing flames.
The accursed gestures at you while chanting.
Something smites you!
You hear a shout!
The destroyer blinks!
You hear a shout!
The fleshlord appears out of thin air!
A fleshlord comes into view. It is wielding a +9 great mace. x2
You take 7 damage, and have 265/298 hp.
Unknown command.
Unknown command.
Unknown command.
You hear a shout!
The observer completely misses you.
You hear a shout!
The accursed gestures at you while chanting.
Something smites you! The scourge throws poison at you.
The bolt of poison hits you!
You are poisoned.
You hear a shout! x2
You take 54 damage, and have 211/298 hp.
Unknown command.
Unknown command.
A bag of meat comes into view. It is wielding a +9 war axe.
You feel sick.
You hear a shout! x2
The observer bites you!
You hear a shout!
The scourge breathes poison at you. The blast of poison engulfs you!
You are more poisoned.
You hear a shout! x3
The accursed points at you and mumbles some strange words.
Something smites you! The observer gazes at you. Something smites you!
You hear a shout!
A wretched soul comes into view.
You take 46 damage, and have 165/298 hp.
Unknown command.
Unknown command.
Unknown command.
You slice the observer!!
You hew the observer savagely.
You kill the observer!
Makhleb accepts your kill.
You feel better.
You slice the bag of meat!!
You dissect the bag of meat like a pig carcass.
You kill the bag of meat!
Makhleb accepts your kill.
You feel better.
You are engulfed in poison gas.
You are more poisoned.
You feel sick.
You hear a shout! x3
A destroyer comes into view.
It is wielding a +9 great sword of slicing.
You regained 87 hp, and now have 252/298 hp.
Unknown command.
Unknown command.
A dread comes into view.
You are engulfed in poison gas.
You are more poisoned.
You feel very sick.
You hear a shout!
The dread is engulfed in blazing flames.
You hear a shout!
The accursed gestures at you while chanting.
Something smites you! The observer gazes at you. The bolt of fire misses you.
You hear a shout!
A destroyer comes into view.
It is wielding a +9 great sword of slicing.
There is a staircase leading out of the dungeon here.
You take 10 damage, and have 242/298 hp.
Unknown command.
You are engulfed in poison gas.
You are more poisoned.
You feel very sick. The observer gazes at you. Something smites you!
You hear a shout!
The scourge throws poison arrow at you. The poison arrow hits you!
You are more poisoned.
The dread moves out of view.
The observer gazes at you.
The fireball explodes!
The fireball engulfs you! You resist.
You hear a shout!
The destroyer shouts!
The scourge hisses angrily.
You hear a shout!
You have escaped!

, , , ,,, .op........... ,
, .. .................# ,
#. .....#............ , , ,
#.......# .W.W......#
,V###.. ....###.........%
,,
,...W..###..oWG%z§....%## ,
V....._.GpoM.§V§%...... ,
,, #..§§§#M.)G§o.#.#... *
#_.@§§#MW§.......... * ,,
..#..§§§#).x)..#.#.#). *
,...o.._.GG.).........§. ,,
, S.....###..).....%#.#.#)
, .###.....S.###...p..)...
, ,,
,,,...#.......#......)..)..
, ...#...S.).#.....))))..G
,
,,.........).)....)..)....
, ,* *,
.....D..).)....#)..#..G.


You could see an accursed, a destroyer, 4 observers, 2 scourges, a fleshlord, a
wretched soul (invisible), a dread and 3 bags of meat.

Vanquished Creatures
  Dispater (D)
  6 hell knights (D)
  9 hell beasts (D)
  6 greater mummies (D)
  8 great orbs of eyes (D)
  4 wraiths (D)
  Harold (D)
  10 vampire knights (D)
  42 ogres (D)
  8 two-headed ogres (D)
  7 liches (D)
  2 hydras (D)
  66 orcs (D)
  8 phantoms (D)
  8 skeletal warriors (D)
  8 sea snakes (D)
  6 large abominations (D)
  6 small abominations (D)
  18 crawling corpses (D)
224 creatures vanquished.

Vanquished Creatures (others)
  A hydra (D)
  2 orcs (D)
  A sea snake (D)
  7 crawling corpses (D)
11 creatures vanquished.

Grand Total: 235 creatures vanquished

Notes
Turn   | Place    | Note
-------+----------+-------------------------------------------
     0 | D        | esc the Deep Dwarf Warper began the quest for the Orb.
     0 | D        | Reached XP level 1. HP: 19/19 MP: 3/3
     2 | D        | Noticed a meat berserker
     3 | D        | Noticed a bag of meat
     3 | D        | Became a worshipper of Makhleb the Destroyer
     6 | D        | Killed a meat berserker
     6 | D        | Reached skill level 15 in Fighting
     6 | D        | Reached skill level 18 in Axes
     6 | D        | Reached skill level 18 in Armour
     6 | D        | Reached skill level 18 in Dodging
     6 | D        | Reached XP level 2. HP: 52/52 MP: 4/4
     6 | D        | Reached XP level 3. HP: 60/60 MP: 5/5
     6 | D        | Reached XP level 4. HP: 68/68 MP: 6/6
     6 | D        | Reached XP level 5. HP: 75/75 MP: 7/7
     6 | D        | Reached XP level 6. HP: 84/84 MP: 8/8
     6 | D        | Reached XP level 7. HP: 91/91 MP: 9/9
     6 | D        | Reached XP level 8. HP: 99/99 MP: 10/10
     6 | D        | Gained mutation: You passively map the area around you. [Deep Dwarf growth]
     6 | D        | Reached XP level 9. HP: 108/108 MP: 11/11
     6 | D        | Reached XP level 10. HP: 116/116 MP: 12/12
     6 | D        | Reached XP level 11. HP: 123/123 MP: 13/13
     6 | D        | Reached XP level 12. HP: 132/132 MP: 14/14
     6 | D        | Reached XP level 13. HP: 139/139 MP: 15/15
     7 | D        | Noticed a bag of meat
     7 | D        | Noticed a meat berserker
     8 | D        | Noticed a bag of meat
     9 | D        | Noticed a bag of meat
     9 | D        | Noticed a meat berserker
    10 | D        | Noticed a meat berserker
    10 | D        | Noticed a bag of meat
    11 | D        | Noticed a bag of meat
    11 | D        | Noticed a bag of meat
    11 | D        | Noticed a bag of meat
    11 | D        | Noticed a bag of meat
    11 | D        | Noticed a meat berserker
    11 | D        | Noticed a bag of meat
    12 | D        | Noticed a bag of meat
    12 | D        | Noticed a large bag of meat
    12 | D        | Noticed a meat berserker
    12 | D        | Noticed a bag of meat
    12 | D        | Killed a bag of meat
    12 | D        | Reached * piety under Makhleb
    12 | D        | Reached skill level 16 in Fighting
    12 | D        | Reached skill level 19 in Axes
    12 | D        | Reached skill level 19 in Armour
    12 | D        | Reached skill level 19 in Dodging
    12 | D        | Killed a meat berserker
    12 | D        | Reached skill level 19 in Fighting
    12 | D        | Reached skill level 21 in Axes
    12 | D        | Reached skill level 21 in Armour
    12 | D        | Reached skill level 21 in Dodging
    12 | D        | Gained mutation: You resist negative energy. (rN+) [Deep Dwarf growth]
    12 | D        | Reached XP level 14. HP: 159/159 MP: 16/16
    12 | D        | Killed a bag of meat
    12 | D        | Reached skill level 22 in Axes
    12 | D        | Reached skill level 22 in Armour
    12 | D        | Reached skill level 22 in Dodging
    12 | D        | Reached XP level 15. HP: 169/169 MP: 17/17
    14 | D        | Noticed a meat berserker
    14 | D        | Noticed a meat berserker
    15 | D        | Killed a meat berserker
    15 | D        | Reached ** piety under Makhleb
    15 | D        | Reached skill level 21 in Fighting
    15 | D        | Reached skill level 24 in Axes
    15 | D        | Reached skill level 24 in Armour
    15 | D        | Reached skill level 24 in Dodging
    15 | D        | Reached skill level 22 in Fighting
    15 | D        | Reached skill level 25 in Axes
    15 | D        | Reached skill level 25 in Armour
    15 | D        | Reached skill level 25 in Dodging
    15 | D        | Reached XP level 16. HP: 184/184 MP: 18/18
    15 | D        | Killed a meat berserker
    15 | D        | Reached skill level 23 in Fighting
    15 | D        | Reached skill level 26 in Axes
    15 | D        | Reached skill level 26 in Armour
    15 | D        | Reached skill level 26 in Dodging
    15 | D        | Killed a meat berserker
    15 | D        | Reached *** piety under Makhleb
    15 | D        | Reached skill level 26 in Fighting
    15 | D        | Reached skill level 27 in Axes
    15 | D        | Reached skill level 27 in Armour
    15 | D        | Reached skill level 27 in Dodging
    15 | D        | Reached XP level 17. HP: 207/207 MP: 19/19
    16 | D        | Noticed a meat berserker
    16 | D        | HP: 30/207 [bag of meat/+9 war axe (24)]
    17 | D        | Noticed a meat berserker
    17 | D        | Reached skill level 27 in Fighting
    17 | D        | Reached skill level 6 in Throwing
    17 | D        | Reached skill level 8 in Stealth
    17 | D        | Reached skill level 5 in Unarmed Combat
    17 | D        | Reached skill level 5 in Spellcasting
    17 | D        | Reached skill level 8 in Invocations
    17 | D        | Reached skill level 8 in Throwing
    17 | D        | Reached skill level 12 in Stealth
    17 | D        | Reached skill level 8 in Unarmed Combat
    17 | D        | Reached skill level 8 in Spellcasting
    17 | D        | Reached skill level 12 in Invocations
    17 | D        | Reached **** piety under Makhleb
    17 | D        | Reached skill level 10 in Throwing
    17 | D        | Reached skill level 14 in Stealth
    17 | D        | Reached skill level 10 in Unarmed Combat
    17 | D        | Reached skill level 10 in Spellcasting
    17 | D        | Reached skill level 14 in Invocations
    17 | D        | Gained mutation: You passively map a large area around you. [Deep Dwarf growth]
    17 | D        | Reached XP level 18. HP: 95/218 MP: 19/32
    17 | D        | Killed a large bag of meat
    17 | D        | Reached skill level 13 in Throwing
    17 | D        | Reached skill level 17 in Stealth
    17 | D        | Reached skill level 13 in Unarmed Combat
    17 | D        | Reached skill level 12 in Spellcasting
    17 | D        | Reached skill level 17 in Invocations
    19 | D        | Noticed a meat berserker
    19 | D        | Killed a meat berserker
    19 | D        | Reached skill level 15 in Throwing
    19 | D        | Reached skill level 20 in Stealth
    19 | D        | Reached skill level 15 in Unarmed Combat
    19 | D        | Reached skill level 14 in Spellcasting
    19 | D        | Reached skill level 20 in Invocations
    19 | D        | Reached XP level 19. HP: 145/226 MP: 19/37
    19 | D        | Reached skill level 16 in Throwing
    19 | D        | Reached skill level 21 in Stealth
    19 | D        | Reached skill level 16 in Unarmed Combat
    19 | D        | Reached skill level 15 in Spellcasting
    19 | D        | Reached skill level 21 in Invocations
    19 | D        | Killed a meat berserker
    19 | D        | Reached ***** piety under Makhleb
    19 | D        | Reached skill level 17 in Throwing
    19 | D        | Reached skill level 23 in Stealth
    19 | D        | Reached skill level 17 in Unarmed Combat
    19 | D        | Reached skill level 16 in Spellcasting
    19 | D        | Reached skill level 23 in Invocations
    19 | D        | Reached skill level 18 in Throwing
    19 | D        | Reached skill level 24 in Stealth
    19 | D        | Reached skill level 18 in Unarmed Combat
    19 | D        | Reached skill level 17 in Spellcasting
    19 | D        | Reached skill level 24 in Invocations
    20 | D        | Noticed a meat berserker
    21 | D        | Noticed a large bag of meat
    21 | D        | Killed a meat berserker
    21 | D        | Reached skill level 19 in Throwing
    21 | D        | Reached skill level 26 in Stealth
    21 | D        | Reached skill level 19 in Unarmed Combat
    21 | D        | Reached skill level 18 in Spellcasting
    21 | D        | Reached skill level 26 in Invocations
    21 | D        | Reached XP level 20. HP: 135/236 MP: 19/42
    21 | D        | Reached skill level 20 in Throwing
    21 | D        | Reached skill level 20 in Unarmed Combat
    21 | D        | Reached skill level 19 in Spellcasting
    21 | D        | Killed a meat berserker
    21 | D        | Reached skill level 22 in Throwing
    21 | D        | Reached skill level 27 in Stealth
    21 | D        | Reached skill level 22 in Unarmed Combat
    21 | D        | Reached skill level 20 in Spellcasting
    21 | D        | Reached skill level 27 in Invocations
    22 | D        | Noticed a large bag of meat
    23 | D        | Reached skill level 23 in Throwing
    23 | D        | Reached skill level 23 in Unarmed Combat
    23 | D        | Reached skill level 21 in Spellcasting
    23 | D        | Reached skill level 22 in Spellcasting
    23 | D        | Killed a meat berserker
    23 | D        | Reached ****** piety under Makhleb
    23 | D        | Reached skill level 25 in Throwing
    23 | D        | Reached skill level 25 in Unarmed Combat
    23 | D        | Reached skill level 23 in Spellcasting
    23 | D        | Reached XP level 21. HP: 237/244 MP: 20/48
    23 | D        | Reached skill level 26 in Throwing
    23 | D        | Reached skill level 26 in Unarmed Combat
    23 | D        | Reached skill level 24 in Spellcasting
    26 | D        | Noticed a large bag of meat
    27 | D        | Reached skill level 27 in Throwing
    27 | D        | Reached skill level 27 in Unarmed Combat
    27 | D        | Reached skill level 26 in Spellcasting
    27 | D        | Reached skill level 27 in Spellcasting
    27 | D        | Reached XP level 22. HP: 254/254 MP: 21/53
    27 | D        | Killed a large bag of meat
    32 | D        | Killed a large bag of meat
    32 | D        | Reached XP level 23. HP: 262/262 MP: 23/54
    34 | D        | Killed a large bag of meat
    37 | D        | Reached XP level 24. HP: 272/272 MP: 24/54
    39 | D        | Noticed a destroyer
    42 | D        | Noticed a large bag of meat
    43 | D        | Noticed a destroyer
    45 | D        | Noticed The Servant
    47 | D        | Noticed a tyrant
    47 | D        | Reached XP level 25. HP: 280/280 MP: 27/54
    49 | D        | Killed a destroyer
    53 | D        | Killed The Servant
    53 | D        | Reached XP level 26. HP: 290/290 MP: 29/54
    54 | D        | Noticed a destroyer
    54 | D        | Noticed a destroyer
    55 | D        | Noticed an accursed
    59 | D        | Noticed a destroyer
    60 | D        | Reached XP level 27. HP: 298/298 MP: 31/54
    61 | D        | Noticed an accursed
    63 | D        | Killed a tyrant
    63 | D        | Killed a destroyer
    64 | D        | Noticed a destroyer
    64 | D        | Killed a destroyer
    65 | D        | Noticed a dread
    65 | D        | Killed an accursed
    66 | D        | Noticed a dread
    68 | D        | Killed an accursed
    68 | D        | Noticed a meat beast
    70 | D        | Killed a dread
    71 | D        | Noticed a meat beast
    72 | D        | Noticed an accursed
    72 | D        | Killed a meat beast
    72 | D        | Killed a destroyer
    74 | D        | Killed a destroyer
    75 | D        | Noticed an accursed
    76 | D        | Noticed a destroyer
    76 | D        | Noticed a tyrant
    76 | D        | Killed a meat beast
    80 | D        | Killed a destroyer
    82 | D        | Killed a large bag of meat
    83 | D        | Noticed a meat beast
    85 | D        | HP: 63/297 [meat beast (15)]
    86 | D        | Killed a meat beast
    89 | D        | Killed an accursed
    89 | D        | Killed an accursed
    90 | D        | Noticed a tyrant
    91 | D        | Killed a destroyer
    96 | D        | Noticed a tyrant
    96 | D        | Noticed a meat beast
    96 | D        | Killed a tyrant
    96 | D        | HP: 72/297 [dread/damnation (10)]
    97 | D        | Noticed a meat beast
    98 | D        | HP: 31/298 [observer/divine providence (13)]
    98 | D        | HP: 1/298 [tyrant/the air (30)]
    99 | D        | Noticed a tyrant
    99 | D        | Killed a dread
   100 | D        | Killed a meat beast
   100 | D        | Killed a meat beast
   103 | D        | Killed a tyrant
   105 | D        | Noticed a destroyer
   105 | D        | Killed a tyrant
   106 | D        | Noticed a tyrant
   107 | D        | Killed a destroyer
   108 | D        | Noticed a tyrant
   114 | D        | Noticed a dread
   117 | D        | Noticed a large bag of meat
   120 | D        | Killed a tyrant
   122 | D        | Noticed a dread
   122 | D        | Noticed an accursed
   122 | D        | Noticed a meat beast
   122 | D        | Noticed a fleshlord
   122 | D        | Noticed a fleshlord
   124 | D        | Noticed a large bag of meat
   124 | D        | HP: 69/298 [??? (49)]
   124 | D        | HP: 33/298 [reaper/scythe of pain[an accursed's death curse] (26)]
   125 | D        | Killed a meat beast
   125 | D        | Killed a fleshlord
   125 | D        | Noticed a fleshlord
   127 | D        | Killed a tyrant
   128 | D        | Killed a fleshlord
   128 | D        | Killed a tyrant
   128 | D        | Killed a large bag of meat
   134 | D        | Killed a dread
   135 | D        | Killed a fleshlord
   136 | D        | Killed a large bag of meat
   138 | D        | Killed a dread
   140 | D        | Killed an accursed
   144 | D        | Noticed a destroyer
   147 | D        | Noticed a large bag of meat
   150 | D        | Noticed The Meatlord
   150 | D        | Killed a destroyer
   152 | D        | Noticed a meat beast
   152 | D        | Noticed a fleshlord
   152 | D        | Noticed a meat beast
   152 | D        | Noticed a meat beast
   153 | D        | Noticed a dread
   153 | D        | Killed The Meatlord
   154 | D        | Noticed a fleshlord
   154 | D        | Got the Orb of Zot
   155 | D        | Noticed an accursed
   157 | D        | Noticed a dread
   157 | D        | Noticed an accursed
   157 | D        | Killed a meat beast
   158 | D        | Noticed an accursed
   158 | D        | Killed a large bag of meat
   161 | D        | Noticed a fleshlord
   162 | D        | Noticed a destroyer
   165 | D        | Killed a meat beast
   166 | D        | Killed a meat beast
   166 | D        | Killed a fleshlord
   168 | D        | HP: 69/298 [observer/divine providence (13)]
   169 | D        | Noticed a destroyer
   169 | D        | Killed an accursed
   169 | D        | HP: 31/298 [accursed/divine providence (6)]
   170 | D        | Killed a fleshlord
   171 | D        | Noticed a dread
   171 | D        | Noticed a fleshlord
   172 | D        | Killed a fleshlord
   176 | D        | Killed a destroyer
   177 | D        | Noticed an accursed
   178 | D        | Noticed a fleshlord
   178 | D        | Noticed a fleshlord
   181 | D        | Noticed a destroyer
   181 | D        | Noticed a dread
   182 | D        | Noticed a destroyer
   183 | D        | Escaped with the Orb!

Vault maps used:
D:        meatsprint

Skill      XL: |  1  2  3  4  5  6  7  8  9 10 11 12 13 14 15 16 17 18 19 20 21 |
---------------+----------------------------------------------------------------+-----
Fighting       | 15 19 22 26 27 | 27.0
Axes           | 18 21 22 25 27 | 27.0
Armour         | 18 21 22 25 27 | 27.0
Dodging        | 18 21 22 25 27 | 27.0
Throwing       | 10 15 19 25 27 | 27.0
Stealth        | 14 20 26 27 | 27.0
Unarmed Combat | 10 15 19 25 27 | 27.0
Spellcasting   | 10 14 18 23 27 | 27.0
Invocations    | 14 20 26 27 | 27.0
Translocations | |  3.2

Action                   |  1- 3 |  4- 6 |  7- 9 | 10-12 | 13-15 | 16-18 | 19-21 | 22-24 | 25-27 || total
-------------------------+-------+-------+-------+-------+-------+-------+-------+-------+-------++-------
Melee: Executioner's axe |     1 |       |       |       |     2 |     2 |     3 |     5 |    83 ||    96
  Use: Potion            |       |       |       |       |       |       |       |       |     3 ||     3
       Scroll            |       |       |       |       |       |       |       |       |     1 ||     1
Armor: Leather armour    |       |       |       |       |       |       |       |     1 |     5 ||     6
Dodge: Dodged            |       |       |       |       |       |       |     1 |     3 |    40 ||    44

Vault maps used:
D:        meatsprint

Table legend:
 A = Turns spent in this place as a percentage of turns spent in the entire game.
 B = Non-inter-level travel turns spent in this place as a percentage of non-inter-level travel turns spent in the entire game.
 C = Inter-level travel turns spent in this place as a percentage of turns spent in this place.
 D = Turns resting spent in this place as a percentage of non-inter-level travel turns spent in this place.
 E = Turns spent auto-exploring this place as a percentage of non-inter-level travel turns spent in this place.
 F = Non-inter-level travel turns spent in this place divided by the number of levels of this place that you've seen.
                   A       B       C       D       E      F
               +-------+-------+-------+-------+-------+----------------------
         Total | 100.0 | 100.0 |   0.0 |   0.0 |   0.0 | 394.0
       Dungeon | 100.0 | 100.0 |   0.0 |   0.0 |   0.0 | 394.0
               +-------+-------+-------+-------+-------+----------------------

Table legend:
 A = Kills in this place as a percentage of kills in entire the game.
 B = Kills by you in this place as a percentage of kills by you in the entire game.
 C = Kills by friends in this place as a percentage of kills by friends in the entire game.
 D = Other kills in this place as a percentage of other kills in the entire game.
 E = Experience gained in this place as a percentage of experience gained in the entire game.
 F = Experience gained in this place divided by the number of levels of this place that you have seen.
                   A       B       C       D       E      F
               +-------+-------+-------+-------+-------+----------------------
         Total | 100.0 | 100.0 |  -nan |  -nan | 100.0 | 6254796.0
       Dungeon | 100.0 | 100.0 |  -nan |  -nan | 100.0 | 6254796.0
               +-------+-------+-------+-------+-------+----------------------
